Map: Ruins of Endion

Players

Miszu - Winner!

  • Race: Terran Terran
  • League: Master

Origine

  • Race: Protoss Protoss
  • League: Master

VOD

Have the link to the VOD?

Description

Time

  • Played on: April 19, 2016, 4:22 p.m.
  • Length: 3:26
Show
View Real Time Build Order
Export as new Build Order

Miszu Terran - Winner!

Build Orders:  

Get SALT Encoding   

  12  0:00  SCV  
  13  0:14  SCV  
  14  0:18  Supply Depot  
  14  0:27  SCV  
  15  0:41  Barracks  
  15  0:52  Barracks  
  15  1:06  Barracks  
  15  1:28  Marine  
  15  1:30  Barracks  
  16  1:40  Marine  
  16  1:42  Supply Depot  
  16  1:46  Marine  
  18  1:52  Marine  
  19  1:58  Marine  
  20  2:03  Marine  
  21  2:10  Marine  
  22  2:17  Marine  
  22  2:21  Marine  
  24  2:24  Marine  
  24  2:28  Marine  
  26  2:35  Marine  
  26  2:39  Marine  
  26  2:43  Marine  
  27  2:46  Marine  
  26  2:53  Marine  
  26  2:57  Marine  
  28  3:01  Marine  
  28  3:04  Marine  
Show
View Real Time Build Order
Export as new Build Order

Origine Protoss 

Build Orders:  

Get SALT Encoding   

  12  0:02  Probe (Chrono Boost)  
  13  0:13  Probe (Chrono Boost)  
  14  0:17  Pylon  
  14  0:23  Probe (Chrono Boost)  
  15  0:36  Probe (Chrono Boost)  
  15  0:37  Gateway  
  16  0:44  Assimilator  
  16  0:46  Probe (Chrono Boost)  
  18  0:57  Probe (Chrono Boost)  
  18  1:07  Probe (Chrono Boost)  
  19  1:26  Cybernetics Core, Probe (Chrono Boost)  
  20  1:36  Probe (Chrono Boost)  
  20  1:38  Pylon, Zealot (Chrono Boost)  
  23  1:53  Gateway  
  21  2:03  Mothership Core (Chrono Boost)  
  23  2:16  Assimilator  
  23  2:25  Stalker (Chrono Boost)  
  23  2:28  Probe  
  23  2:29  Pylon  
  26  2:40  Probe  
  20  2:48  Stalker (Chrono Boost)  
  22  2:52  Probe  
  25  3:04  Probe  
Tags
 
Add a new tag
Caveats
  • Supply blocks, unpowered buildings, or Contaminate may cause inaccurate times.
  • Supply counts are checked every 10 seconds.